| TOP OF THE 1ST |
|
Columbus Reds batting - Pitching for York Revolution : RHP Jeff van Schaik
|
|
Pitching: RHP Jeff van Schaik
|
|
|
Batting: RHB Alex de Leon
|
0-0: Fly out, F2 (Popup, 23F, EV 85.6 MPH)
|
|
Batting: RHB Ben Burkholder
|
0-0: Ball 1-0: Foul Ball, location: 2F 1-1: Ball 2-1: Foul Ball, location: 2F 2-2: Ball 3-2: Base on Balls
|
|
Batting: LHB Matthew Berry
|
0-0: Ball 1-0: Ball 2-0: Ball 3-0: Base on Balls Ben Burkholder to second
|
|
Batting: LHB Jamie Spangenberg
|
0-0: SINGLE (Flyball, 8LS, EV 91.2 MPH) Ben Burkholder to third Matthew Berry to second Runner from 3rd tries for Home, throw by LF and OUT! 7-2
|
|
Batting: RHB Alex Villagomez
|
0-0: Hit by Pitch Matthew Berry to third Jamie Spangenberg to second
|
|
Batting: SHB Cesar Pelayo
|
0-0: Ball 1-0: Foul Ball, location: 2F 1-1: Foul Ball, location: 2F 1-2: Strikes out swinging
|
| Top of the 1st over - 0 runs, 1 hit, 0 errors, 3 left on base; Columbus 0 - York 0 |
| BOTTOM OF THE 1ST |
|
York Revolution batting - Pitching for Columbus Reds : RHP Guang Jue
|
|
Pitching: RHP Guang Jue
|
|
|
Batting: LHB Jonathan Roman
|
0-0: Called Strike 0-1: Ball 1-1: Foul Ball, location: 2F 1-2: Fly out, F8 (Flyball, 8RS, EV 83.8 MPH)
|
|
Batting: RHB Juan Valadez
|
0-0: Ball 1-0: Foul Ball, location: 2F 1-1: Foul Ball, location: 2F 1-2: Ground out U3 (Groundball, 34S, EV 90.0 MPH)
|
|
Batting: RHB Jose Corral
|
0-0: Ball 1-0: Ground out 6-3 (Groundball, 6S, EV 90.6 MPH)
|
| Bottom of the 1st over - 0 runs, 0 hits, 0 errors, 0 left on base; Columbus 0 - York 0 |
| TOP OF THE 2ND |
|
Columbus Reds batting - Pitching for York Revolution : RHP Jeff van Schaik
|
|
Batting: RHB Ernie Maldonado
|
0-0: Ball 1-0: Ball 2-0: SINGLE (Groundball, 56D, EV 99.4 MPH)
|
|
Batting: LHB Jose Cruz
|
0-0: Ball 1-0: TRIPLE (Line Drive, 89XD, EV 113.8 MPH) Ernie Maldonado scores
|
|
Batting: LHB Mike Becerra
|
0-0: Called Strike 0-1: 2-RUN HOME RUN (Flyball, 9D, EV 95.0 MPH), Distance : 356 ft
|
|
Batting: RHB Alex de Leon
|
0-0: Swinging Strike 0-1: Ball 1-1: Ball 2-1: Ball 3-1: Called Strike 3-2: Foul Ball, location: 2F 3-2: Strikes out swinging
|
|
Batting: RHB Ben Burkholder
|
0-0: Swinging Strike 0-1: Ball 1-1: Foul Ball, location: 2F 1-2: Ground out U3 (Groundball, 34, EV 85.6 MPH)
|
|
Batting: LHB Matthew Berry
|
0-0: Called Strike 0-1: Ball 1-1: Ball 2-1: Foul Ball, location: 2F 2-2: Ball 3-2: Fly out, F8 (Flyball, 8LM, EV 89.4 MPH)
|
| Top of the 2nd over - 3 runs, 3 hits, 0 errors, 0 left on base; Columbus 3 - York 0 |
| BOTTOM OF THE 2ND |
|
York Revolution batting - Pitching for Columbus Reds : RHP Guang Jue
|
|
Batting: LHB Eric Farren
|
0-0: Ball 1-0: Foul Ball, location: 2F 1-1: Called Strike 1-2: Ball 2-2: Foul Ball, location: 2F 2-2: Ball 3-2: Fly out, F9 (Flyball, 9D, EV 96.9 MPH)
|
|
Batting: RHB Eddie Serna
|
0-0: Ball 1-0: Swinging Strike 1-1: Ball 2-1: Foul Ball, location: 2F 2-2: Foul Ball, location: 2F 2-2: Fly out, F3 (Popup, 3F, EV 81.2 MPH)
|
|
Batting: SHB Steve DeRienzo
|
0-0: Fly out, F8 (Flyball, 8LD, EV 95.0 MPH)
|
| Bottom of the 2nd over - 0 runs, 0 hits, 0 errors, 0 left on base; Columbus 3 - York 0 |
| TOP OF THE 3RD |
|
Columbus Reds batting - Pitching for York Revolution : RHP Jeff van Schaik
|
|
Batting: LHB Jamie Spangenberg
|
0-0: Swinging Strike 0-1: Ball 1-1: Ground out 4-3 (Groundball, 4, EV 81.2 MPH)
|
|
Batting: RHB Alex Villagomez
|
0-0: Ball 1-0: Fly out, F7 (Line Drive, 7S, EV 85.0 MPH)
|
|
Batting: SHB Cesar Pelayo
|
0-0: Ball 1-0: Ball 2-0: Swinging Strike 2-1: Ball 3-1: Foul Ball, location: 2F 3-2: Foul Ball, location: 2F 3-2: Foul Ball, location: 2F 3-2: Strikes out swinging
|
| Top of the 3rd over - 0 runs, 0 hits, 0 errors, 0 left on base; Columbus 3 - York 0 |
| BOTTOM OF THE 3RD |
|
York Revolution batting - Pitching for Columbus Reds : RHP Guang Jue
|
|
Batting: RHB Ivan Barrientos
|
0-0: Ball 1-0: Ground out U3 (Groundball, 34, EV 91.2 MPH)
|
|
Batting: RHB Simon Mergeni
|
0-0: Ball 1-0: Called Strike 1-1: Foul Ball, location: 2F 1-2: Ball 2-2: Ball 3-2: Foul Ball, location: 2F 3-2: DOUBLE (Flyball, 8LXD, EV 105.0 MPH)
|
|
Batting: RHB Alexis Graciani
|
0-0: Ball 1-0: Ground out 6-3 (Groundball, 6M, EV 103.1 MPH) Simon Mergeni to third
|
|
Batting: LHB Jonathan Roman
|
0-0: Foul Ball, location: 2F 0-1: Ball 1-1: DOUBLE (Flyball, 8LD, EV 98.1 MPH) Simon Mergeni scores
|
|
Batting: RHB Juan Valadez
|
0-0: Ball 1-0: Called Strike 1-1: Fly out, F9 (Line Drive, 9, EV 103.1 MPH)
|
| Bottom of the 3rd over - 1 run, 2 hits, 0 errors, 1 left on base; Columbus 3 - York 1 |
| TOP OF THE 4TH |
|
Columbus Reds batting - Pitching for York Revolution : RHP Jeff van Schaik
|
|
Batting: RHB Ernie Maldonado
|
0-0: Ball 1-0: Ball 2-0: Ball 3-0: Called Strike 3-1: Base on Balls
|
|
Batting: LHB Jose Cruz
|
0-0: Ball 1-0: Grounds into double play, 4-6-3 (Groundball, 4, EV 103.1 MPH)
|
|
Batting: LHB Mike Becerra
|
0-0: Called Strike 0-1: Ball 1-1: Swinging Strike 1-2: Fly out, F7 (Flyball, 78M, EV 89.4 MPH)
|
| Top of the 4th over - 0 runs, 0 hits, 0 errors, 0 left on base; Columbus 3 - York 1 |
| BOTTOM OF THE 4TH |
|
York Revolution batting - Pitching for Columbus Reds : RHP Guang Jue
|
|
Batting: RHB Jose Corral
|
0-0: Swinging Strike 0-1: SINGLE (Flyball, 7LS, EV 95.0 MPH)
|
|
Batting: LHB Eric Farren
|
0-0: Swinging Strike 0-1: Foul Ball, location: 2F 0-2: Ball 1-2: Foul Ball, location: 2F 1-2: TRIPLE (Line Drive, 9LD, EV 108.1 MPH) Jose Corral scores
|
|
Batting: RHB Eddie Serna
|
0-0: Swinging Strike 0-1: Swinging Strike 0-2: Fly out, F7 (Flyball, 7S, EV 88.8 MPH)
|
|
Batting: SHB Steve DeRienzo
|
0-0: Ball 1-0: Ball 2-0: Ball 3-0: Base on Balls
|
|
Batting: RHB Ivan Barrientos
|
0-0: Called Strike 0-1: Ball 1-1: Foul Ball, location: 2F 1-2: Ball 2-2: Ball 3-2: Foul Ball, location: 2F 3-2: Strikes out looking
|
|
Batting: RHB Simon Mergeni
|
0-0: Ball 1-0: Fly out, F3 (Popup, 3S, EV 78.1 MPH)
|
| Bottom of the 4th over - 1 run, 2 hits, 0 errors, 2 left on base; Columbus 3 - York 2 |
| TOP OF THE 5TH |
|
Columbus Reds batting - Pitching for York Revolution : RHP Jeff van Schaik
|
|
Batting: RHB Alex de Leon
|
0-0: Swinging Strike 0-1: Swinging Strike 0-2: Strikes out looking
|
|
Batting: RHB Ben Burkholder
|
0-0: Ball 1-0: Called Strike 1-1: Ball 2-1: Foul Ball, location: 2F 2-2: DOUBLE (Line Drive, 89M, EV 91.9 MPH)
|
|
Batting: LHB Matthew Berry
|
0-0: Ball 1-0: Foul Ball, location: 2F 1-1: Called Strike 1-2: Ball 2-2: Ball 3-2: 2-RUN HOME RUN (Flyball, 89XD, EV 100.6 MPH), Distance : 391 ft
|
|
Pitching: RHP Travis Hahn
|
|
|
Batting: LHB Jamie Spangenberg
|
0-0: Ball 1-0: Called Strike 1-1: Called Strike 1-2: DOUBLE (Flyball, 8LD, EV 111.2 MPH)
|
|
Batting: RHB Alex Villagomez
|
0-0: Called Strike 0-1: Called Strike 0-2: Fly out, F7 (Flyball, 78M, EV 82.5 MPH)
|
|
Batting: SHB Cesar Pelayo
|
0-0: Ball 1-0: Ball 2-0: Ball 3-0: Called Strike 3-1: Base on Balls
|
|
Batting: RHB Ernie Maldonado
|
0-0: Ball 1-0: Ball 2-0: SINGLE (Groundball, 4MD, EV 97.5 MPH) Jamie Spangenberg to third Cesar Pelayo to second Runner from 3rd tries for Home, throw by CF and OUT! 8-2
|
| Top of the 5th over - 2 runs, 4 hits, 0 errors, 2 left on base; Columbus 5 - York 2 |
| BOTTOM OF THE 5TH |
|
York Revolution batting - Pitching for Columbus Reds : RHP Guang Jue
|
|
Batting: RHB Alexis Graciani
|
0-0: Foul Ball, location: 2F 0-1: Ground out 4-3 (Groundball, 4, EV 80.6 MPH)
|
|
Batting: LHB Jonathan Roman
|
0-0: Called Strike 0-1: Ball 1-1: Swinging Strike 1-2: Strikes out swinging
|
|
Batting: RHB Juan Valadez
|
0-0: Ball 1-0: Swinging Strike 1-1: Ball 2-1: Foul Ball, location: 2F 2-2: Strikes out swinging
|
| Bottom of the 5th over - 0 runs, 0 hits, 0 errors, 0 left on base; Columbus 5 - York 2 |
| TOP OF THE 6TH |
|
Columbus Reds batting - Pitching for York Revolution : RHP Travis Hahn
|
|
Batting: LHB Jose Cruz
|
0-0: Foul Ball, location: 2F 0-1: Called Strike 0-2: Ball 1-2: Ball 2-2: Ball 3-2: Foul Ball, location: 2F 3-2: Fly out, F7 (Flyball, 78D, EV 103.8 MPH)
|
|
Batting: LHB Mike Becerra
|
0-0: Hit by Pitch
|
|
Batting: RHB Alex de Leon
|
0-0: Called Strike 0-1: SINGLE (Groundball, 5S, EV 76.2 MPH) (infield hit) Mike Becerra to second
|
|
Batting: RHB Ben Burkholder
|
0-0: Ball 1-0: Fielders Choice at 2nd, 3-6 (Groundball, 34S, EV 82.5 MPH) Mike Becerra to third
|
|
Batting: LHB Matthew Berry
|
0-0: Foul Ball, location: 2F 0-1: Foul Ball, location: 2F 0-2: Ball 1-2: Foul Ball, location: 2F 1-2: 3-RUN HOME RUN (Line Drive, 9D, EV 98.8 MPH), Distance : 375 ft
|
|
Batting: LHB Jamie Spangenberg
|
0-0: Foul Ball, location: 2F 0-1: Ground out U3 (Groundball, 3, EV 103.1 MPH)
|
| Top of the 6th over - 3 runs, 2 hits, 0 errors, 0 left on base; Columbus 8 - York 2 |
| BOTTOM OF THE 6TH |
|
York Revolution batting - Pitching for Columbus Reds : RHP Guang Jue
|
|
Batting: RHB Jose Corral
|
0-0: Swinging Strike 0-1: Called Strike 0-2: Strikes out swinging
|
|
Batting: LHB Eric Farren
|
0-0: Called Strike 0-1: Fly out, F7 (Flyball, 7D, EV 106.9 MPH)
|
|
Batting: RHB Eddie Serna
|
0-0: Ball 1-0: Foul Ball, location: 2F 1-1: Fly out, F7 (Flyball, 78S, EV 80.0 MPH)
|
| Bottom of the 6th over - 0 runs, 0 hits, 0 errors, 0 left on base; Columbus 8 - York 2 |
| TOP OF THE 7TH |
|
Columbus Reds batting - Pitching for York Revolution : RHP Travis Hahn
|
|
Batting: RHB Alex Villagomez
|
0-0: SINGLE (Groundball, 6MD, EV 103.8 MPH)
|
|
Batting: SHB Cesar Pelayo
|
0-0: Ball 1-0: Reached on error, E4 (Groundball, 4, EV 81.9 MPH) Alex Villagomez to second
|
|
Batting: RHB Ernie Maldonado
|
0-0: Foul Ball, location: 2F 0-1: Fly out, F7 (Flyball, 78D, EV 92.5 MPH)
|
|
Pitching: RHP Dusty DuPont
|
|
|
Batting: LHB Jose Cruz
|
0-0: Foul Ball, location: 2F 0-1: Ball Wild Pitch! Alex Villagomez to third Cesar Pelayo to second 1-1: Ground out 4-3 (Groundball, 4D, EV 80.0 MPH) Alex Villagomez scores Cesar Pelayo to third
|
|
Batting: LHB Mike Becerra
|
0-0: Called Strike 0-1: Foul Ball, location: 2F 0-2: Ball 1-2: Strikes out looking
|
| Top of the 7th over - 1 run, 1 hit, 1 error, 1 left on base; Columbus 9 - York 2 |
| BOTTOM OF THE 7TH |
|
York Revolution batting - Pitching for Columbus Reds : RHP Guang Jue
|
|
Batting: SHB Steve DeRienzo
|
0-0: Fly out, F8 (Flyball, 8RD, EV 100.6 MPH)
|
|
Batting: RHB Ivan Barrientos
|
0-0: Called Strike 0-1: Ball 1-1: Ground out 5-3 (Groundball, 5L, EV 93.8 MPH)
|
|
Batting: RHB Simon Mergeni
|
0-0: Called Strike 0-1: Ball 1-1: Foul Ball, location: 2F 1-2: Fly out, F8 (Flyball, 89S, EV 95.6 MPH)
|
| Bottom of the 7th over - 0 runs, 0 hits, 0 errors, 0 left on base; Columbus 9 - York 2 |
| TOP OF THE 8TH |
|
Columbus Reds batting - Pitching for York Revolution : RHP Dusty DuPont
|
|
Batting: RHB Alex de Leon
|
0-0: Ball 1-0: Ball 2-0: Foul Ball, location: 2F 2-1: Foul Ball, location: 2F 2-2: Ball 3-2: Strikes out swinging
|
|
Batting: RHB Ben Burkholder
|
0-0: SOLO HOME RUN (Line Drive, 7D, EV 96.9 MPH), Distance : 373 ft
|
|
Batting: LHB Matthew Berry
|
0-0: SINGLE (Groundball, 6, EV 98.1 MPH)
|
|
Batting: LHB Jamie Spangenberg
|
0-0: Called Strike 0-1: Called Strike 0-2: Foul Ball, location: 2F 0-2: Strikes out swinging
|
|
Batting: RHB Alex Villagomez
|
0-0: Ball 1-0: Swinging Strike 1-1: Called Strike 1-2: Ball 2-2: Ball 3-2: Strikes out swinging
|
| Top of the 8th over - 1 run, 2 hits, 0 errors, 1 left on base; Columbus 10 - York 2 |
| BOTTOM OF THE 8TH |
|
York Revolution batting - Pitching for Columbus Reds : RHP Guang Jue
|
|
Batting: RHB Alexis Graciani
|
0-0: Called Strike 0-1: DOUBLE (Groundball, 5L, EV 103.1 MPH)
|
|
Batting: LHB Jonathan Roman
|
0-0: Ball 1-0: Ball 2-0: Ball 3-0: Called Strike 3-1: Base on Balls
|
|
Batting: RHB Juan Valadez
|
0-0: Ball 1-0: Fielders Choice at 2nd, 6-4 (Groundball, 56, EV 90.0 MPH) Alexis Graciani to third
|
|
Pitching: RHP Jeff Buchanan
|
|
|
Batting: RHB Jose Corral
|
0-0: Foul Ball, location: 2F 0-1: Grounds into double play, 5-4-3 (Groundball, 5S, EV 83.8 MPH)
|
| Bottom of the 8th over - 0 runs, 1 hit, 0 errors, 1 left on base; Columbus 10 - York 2 |
| TOP OF THE 9TH |
|
Columbus Reds batting - Pitching for York Revolution : RHP Dusty DuPont
|
|
Pitching: RHP Bobby Acevedo
|
|
|
Batting: SHB Cesar Pelayo
|
0-0: Called Strike 0-1: Foul Ball, location: 2F 0-2: Ball 1-2: Ball 2-2: Ball 3-2: Fly out, F8 (Line Drive, 8RD, EV 91.2 MPH)
|
|
Batting: RHB Ernie Maldonado
|
0-0: Swinging Strike 0-1: Ground out 1-3 (Groundball, 13S, EV 69.4 MPH)
|
|
Pinch Hitting: RHB Aaron Barraza
|
0-0: Called Strike 0-1: Called Strike 0-2: Ball 1-2: SINGLE (Groundball, 6S, EV 74.4 MPH) (infield hit)
|
|
Pinch Hitting: LHB Tim Kirk
|
0-0: Ball 1-0: Ball 2-0: Fly out, F7 (Line Drive, 7S, EV 88.1 MPH)
|
| Top of the 9th over - 0 runs, 1 hit, 0 errors, 1 left on base; Columbus 10 - York 2 |
| BOTTOM OF THE 9TH |
|
York Revolution batting - Pitching for Columbus Reds : RHP Jeff Buchanan
|
|
Now in LF: Tim Kirk
|
|
|
Now in CF: Ed Santibanez
|
|
|
Batting: LHB Eric Farren
|
0-0: Called Strike 0-1: Called Strike 0-2: Strikes out swinging
|
|
Batting: RHB Eddie Serna
|
0-0: Ball 1-0: SINGLE (Groundball, 6MD, EV 100.0 MPH)
|
|
Batting: SHB Steve DeRienzo
|
0-0: Ball 1-0: Called Strike 1-1: Ball 2-1: Ball 3-1: Foul Ball, location: 2F 3-2: Foul Ball, location: 2F 3-2: Foul Ball, location: 2F 3-2: Base on Balls Eddie Serna to second
|
|
Batting: RHB Ivan Barrientos
|
0-0: Called Strike 0-1: Ball 1-1: Ground out 5-3 (Groundball, 56S, EV 65.6 MPH) Eddie Serna to third Steve DeRienzo to second
|
|
Pinch Hitting: SHB Dana Guthrie
|
0-0: Ball 1-0: Ball 2-0: Ball 3-0: Called Strike 3-1: Base on Balls
|
|
Pinch Hitting: RHB Victor Arias
|
0-0: Ball 1-0: Swinging Strike 1-1: Ball Wild Pitch! Eddie Serna scores Steve DeRienzo to third Dana Guthrie to second 2-1: Ball 3-1: Base on Balls
|
|
Batting: LHB Jonathan Roman
|
0-0: Called Strike 0-1: Ball 1-1: Ball 2-1: Ball 3-1: Base on Balls Steve DeRienzo scores Dana Guthrie to third Victor Arias to second
|
|
Batting: RHB Juan Valadez
|
0-0: Called Strike 0-1: Ball 1-1: Ball 2-1: Called Strike 2-2: Strikes out swinging
|
| Bottom of the 9th over - 2 runs, 1 hit, 0 errors, 3 left on base; Columbus 10 - York 4 |
|